 Dungeon Crawl Stone Soup version 0.21.0-25-ge575cb9 (webtiles) character file.

227887 sankara the Tortoise (level 18, -11/178 HPs)
             Began as a Minotaur Fighter on Jan 22, 2018.
             Was a High Priest of Okawaru.
             Mangled by a titanic slime creature (83 damage)
             ... summoned by a glowing orange brain
             ... on level 1 of the Vaults on Jan 23, 2018.
             The game lasted 03:01:37 (34812 turns).

sankara the Tortoise (Minotaur Fighter)            Turns: 34812, Time: 03:01:38

Health: -11/178    AC: 34    Str: 26    XL:     18   Next: 69%
Magic:  18/23      EV: 24    Int:  7    God:    Okawaru [*****.]
Gold:   1876       SH: 15    Dex: 19    Spells: 15/17 levels left

rFire    + + .     SeeInvis .   a - +6 whip (vamp)
rCold    + . .     Gourm    .   n - +0 shield {rF+}
rNeg     + + .     Faith    .   t - +6 plate armour of Repulsion {*Contam rN+ MR+ Regen+ Dex+3}
rPois    +         Spirit   .   J - +2 hat
rElec    .         Reflect  .   K - scarf {rC+ rF+}
rCorr    .         Harm     .   L - +1 pair of gloves {Str+3}
MR       +++..                  B - +0 pair of boots
Stlth    ..........             W - amulet of regeneration
HPRegen  1.19/turn              y - ring "Hulaalid" {rN+ MR+}
MPRegen  0.18/turn              e - ring of poison resistance

@: heroism, finesse
A: retaliatory headbutt, horns 2, clever 1, no potion heal 1
}: 1/15 runes: gossamer
a: Heroism, Finesse, Renounce Religion


You were on level 1 of the Vaults.
You worshipped Okawaru.
Okawaru was extremely pleased with you.
You were not hungry.

You visited 6 branches of the dungeon, and saw 31 of its levels.
You also visited: Sewer, Ossuary and Ice Cave.

You collected 2990 gold pieces.
You spent 1114 gold pieces at shops.

Inventory:

Hand Weapons
 a - a +6 vampiric whip (weapon)
 b - the +8 war axe of Hargh {chop, Str+3 Stlth+}
   (You found it on level 6 of the Dungeon)

   It inflicts extra damage upon your enemies.
   It affects your strength (+3).
   It makes you more stealthy.
 m - the +2 mace "Neukh" {drain, rF+ rC+ MR+ Str+3}
   (Okawaru gifted it to you on level 3 of the Spider Nest)

   A truly terrible weapon, it drains the life of those it strikes.
   It affects your strength (+3).
   It protects you from fire.
   It protects you from cold.
   It affects your resistance to hostile enchantments.
Missiles
 j - 6 silver javelins
 p - 38 tomahawks (quivered)
 A - 8 steel tomahawks
 H - 3 throwing nets
 N - 3 javelins of returning
 Y - 12 javelins of penetration
Armour
 n - a +0 shield of fire resistance (worn)
 t - the +6 plate armour of Repulsion (worn) {*Contam rN+ MR+ Regen+ Dex+3}
   (Okawaru gifted it to you on level 1 of the Swamp)

   It affects your dexterity (+3).
   It protects you from negative energy.
   It affects your resistance to hostile enchantments.
   It causes magical contamination when unequipped.
   It increases your rate of regeneration.
 B - a +0 pair of boots (worn)
 J - a +2 hat (worn)
 K - a scarf of resistance (worn)
 L - a +1 pair of gloves of strength (worn)
Jewellery
 e - a ring of poison resistance (right hand)
 y - the ring "Hulaalid" (left hand) {rN+ MR+}
   (You acquired it on level 9 of the Dungeon)

   [ring of positive energy]

   It protects you from negative energy.
   It affects your resistance to hostile enchantments.
 W - an amulet of regeneration (around neck)
Wands
 o - a wand of scattershot (11)
 q - a wand of paralysis (39)
 w - a wand of clouds (10)
 x - a wand of digging (49)
 C - a wand of acid (22)
 I - a wand of enslavement (37)
Scrolls
 c - a scroll of fear
 d - 2 scrolls of blinking
 g - 13 scrolls of teleportation
 i - 19 scrolls of identify
 D - 5 scrolls of enchant armour
 E - 4 scrolls of amnesia
 F - 8 scrolls of fog
 Q - 17 scrolls of remove curse
 S - 5 scrolls of magic mapping
 U - a scroll of acquirement
 V - a scroll of enchant weapon
 Z - 2 scrolls of brand weapon
Potions
 h - 4 potions of haste
 k - 2 potions of invisibility
 l - 6 potions of ambrosia
 r - 4 potions of flight
 u - 17 potions of curing
 v - 4 potions of berserk rage
 z - 6 potions of might
 M - 2 potions of cancellation
 O - a potion of resistance
 P - 4 potions of heal wounds
 X - 2 potions of agility
Miscellaneous
 s - a sack of spiders
 R - a lamp of fire
 T - a phantom mirror
Comestibles
 f - 53 rations


   Skills:
 + Level 20.1(25.1) Fighting
 - Level 12.0(17.0) Maces & Flails
 - Level 3.0(8.0) Throwing
 + Level 20.1(25.1) Armour
 + Level 17.3(22.3) Dodging
 - Level 9.0(14.0) Shields
 - Level 9.0 Invocations


You had 15 spell levels left.
You knew the following spells:

 Your Spells              Type           Power        Failure   Level  Hunger
a - Blink                 Tloc           N/A          96%         2    ###....


Dungeon Overview and Level Annotations

Branches:
Dungeon (15/15)            Temple (0/1) D:4            Lair (6/6) D:11
  Swamp (3/4) Lair:3       Spider (4/4) Lair:2        Slime (0/5) Lair:6
    Orc (2/2) D:9             Elf (0/3) Orc:2        Vaults (1/5) D:14
 Depths (0/5) D:15

Altars:
Ashenzari
Dithmenos
Elyvilon
Fedhas
Gozag
Kikubaaqudgha
Okawaru
Qazlal
Ru
Trog
Xom
Zin

Shops:
D:8 !}?*%   D:11 [   Orc:2 ((?:

Annotations:
D:7 1 runed door
Lair:4 Sonja
Lair:6 exclusion: 4 oklob plants


Innate Abilities, Weirdness & Mutations

You reflexively headbutt those who attack you in melee.
You have a pair of horns on your head.
Your mind is acute. (Int +2)
Potions are less effective at restoring your health.


Message History

The runic seals fade away.
The vault sentinel casts a spell at you.
You resist with some effort.
The vault sentinel blows a loud note on a signal horn!
You block the yaktaur's attack.
The vault warden hits you with an enchanted halberd!!
The ironbrand convoker misses you. You furiously retaliate!
You headbutt the ironbrand convoker.
Items here: )) [[[ † As you open the door, it creaks loudly!
The glowing orange brain pulsates.
You resist with almost no effort.
You block the titanic slime creature's attack.
The vault sentinel casts a spell at you.
You resist with some effort. The yaktaur barely misses you.
You furiously retaliate!
You headbutt the yaktaur, but do no damage.
The runic seals fade away.
You block the vault warden's attack. The titanic slime creature hits you!!!!
You die...

.# ......p' .# ......#
.# .p...# .# ....# .#
...# .# ..# ##
#########+#####
########......#pp....#
#......#......@p.p...#
#......+......#Jcc...#
#......#......#Jc....#
#......#......#.G....#
#......+......#......+..
#......#......#......#..
#......#......#......#..
#......#########+###+#
#######'##### ... .#


You could see a vault warden, a titanic slime creature, a very large slime
creature, a glowing orange brain, 2 vault sentinels, an ironbrand convoker and 3
yaktaurs.

Vanquished Creatures
  Arachne (Spider:4)
  2 Ice Fiends (IceCv)
  Agnes (D:14)
  2 thorn hunters (Swamp:3)
  The ghost of sankara the Warrior, an adept MiFi of Ru (Spider:1)
  Kirke (Lair:4)
  Roxanne (Spider:2)
  A vault warden (Vaults:1)
  4 ghost moths
  8 emperor scorpions
  Aizul (Spider:2)
  A juggernaut zombie (D:15)
  An ironheart preserver (Vaults:1)
  3 entropy weavers
  A spark wasp (Spider:3)
  Azrael (D:12)
  2 fire dragons
  A rakshasa (Vaults:1)
  19 hydras
  8 alligators
  13 two-headed ogres
  2 dancing weapons (D:14)
  3 death knights
  2 ogre magi (Vaults:1)
  6 death yaks (Lair:6)
  Urug (D:10)
  4 orc high priests (Orc:2)
  2 skeletal warriors (D:15)
  2 unseen horrors (D:11)
  A spriggan druid (Swamp:3)
  A flayed ghost (D:15)
  2 wizards
  A phantasmal warrior (D:14)
  4 swamp dragons
  2 necromancers
  A golden dragon skeleton (D:15)
  29 wolf spiders
  8 orc sorcerers
  16 orb spiders
  5 orc knights
  An ironbrand convoker (Vaults:1)
  2 oklob plants (D:14)
  A stone giant zombie (D:15)
  8 slime creatures
  14 ugly things
  A deep elf mage (D:15)
  A manticore (D:15)
  A cyclops (D:12)
  6 black mambas
  2 ice statues (IceCv)
  2 moths of wrath
  2 torpor snails
  Joseph (D:9)
  20 spiny frogs
  A gargoyle (D:11)
  A kobold demonologist (D:13)
  7 komodo dragons
  4 freezing wraiths
  13 ice devils (IceCv)
  An efreet (D:14)
  11 demonic crawlers
  A tengu conjurer (D:10)
  A rime drake (Lair:6)
  5 trolls
  8 tyrant leeches
  42 jumping spiders
  6 polar bears
  Prince Ribbit (D:9)
  12 bog bodies
  10 hornets
  Grinder (D:5)
  A hippogriff (shapeshifter) (D:15)
  15 blink frogs
  10 hippogriffs
  12 dream sheep
  A deep troll zombie (D:15)
  17 spriggans
  22 tarantellas
  2 wyverns
  49 redbacks
  3 vampires
  40 yaks
  3 shadows
  3 hogs (Lair:4)
  A wraith (Vaults:1)
  4 fire elementals (D:12)
  Grum (D:9)
  2 basilisks
  18 vampire mosquitoes
  2 wargs (Orc:2)
  8 swamp worms
  An acid dragon (D:15)
  9 water moccasins
  2 hell hounds (D:12)
  7 swamp drakes
  3 porcupines
  3 sky beasts
  18 orc warriors
  9 black bears
  4 phantoms
  2 eyes of draining
  An ice beast (D:8)
  2 necrophages (D:11)
  30 wolves
  4 boggarts (Lair:6)
  18 ogres
  12 centaurs
  21 crocodiles
  16 bullfrogs
  2 big kobolds (D:8)
  Blork the orc (D:5)
  2 gnoll sergeants
  A hornet simulacrum (Vaults:1)
  5 scorpions
  17 killer bees
  2 howler monkeys
  12 wights
  5 electric eels
  8 crimson imps
  2 bullfrog zombies
  3 centaur zombies
  4 jellies
  A quasit (D:11)
  7 hounds
  4 bullfrog skeletons
  15 orc priests
  5 centaur skeletons
  13 orc wizards
  A gnoll shaman (D:7)
  4 iguanas
  13 worker ants
  3 yak simulacra (D:11)
  2 polar bear simulacra (D:11)
  4 wolf simulacra (D:11)
  9 big kobold zombies (Ossuary)
  A hound zombie (D:11)
  2 hound skeletons
  5 mummies
  4 worker ant zombies
  12 adders
  11 gnolls
  2 shadow imps
  3 white imps (IceCv)
  6 ufetubi (IceCv)
  An ooze (D:2)
  4 adder skeletons
  An adder zombie (D:5)
  2 worms
  A dart slug (D:1)
  5 leopard geckos
  53 orcs
  3 spectral bats (Ossuary)
  3 ball pythons
  11 bats
  5 bat simulacra (Ossuary)
  6 giant cockroaches
  6 goblins
  16 hobgoblins
  13 jackals
  4 quokkas
  7 frilled lizards
  3 gnoll zombies (Ossuary)
  A goblin simulacrum (Ossuary)
  A goblin zombie (Ossuary)
  6 hobgoblin zombies (Ossuary)
  14 kobolds
  A kobold simulacrum (Ossuary)
  4 kobold zombies (Ossuary)
  2 leopard gecko skeletons
  7 orc zombies (Ossuary)
  7 rats
  5 rat simulacra (Ossuary)
  2 river rat simulacra (D:11)
  2 spectral goblins (Ossuary)
  4 spectral kobolds (Ossuary)
  2 briar patches (Swamp:3)
1121 creatures vanquished.

Vanquished Creatures (others)
  An orb spider (Spider:2)
  2 jumping spiders (Spider:2)
  A redback (Spider:1)
  A human (Lair:4)
  An ogre (D:10)
  A gnoll (D:7)
  7 white imps (IceCv)
  2 ufetubi (IceCv)
  9 fungi
  3 plants
28 creatures vanquished.

Grand Total: 1149 creatures vanquished

Notes
Turn   | Place    | Note
-------+----------+-------------------------------------------
     0 | D:1      | sankara the Minotaur Fighter began the quest for the Orb.
     0 | D:1      | Reached XP level 1. HP: 19/19 MP: 0/0
   106 | D:1      | Reached XP level 2. HP: 27/27 MP: 1/1
   245 | D:1      | Reached XP level 3. HP: 30/33 MP: 2/2
   525 | D:2      | Reached XP level 4. HP: 22/40 MP: 3/3
   976 | D:2      | Found an iron altar of Okawaru.
  1029 | D:2      | Became a worshipper of Warmaster Okawaru
  1639 | D:3      | Found a glowing drain.
  1671 | Sewer    | Entered a sewer
  1709 | Sewer    | Noticed a crocodile
  1718 | Sewer    | Killed a crocodile
  1718 | Sewer    | Reached skill level 5 in Maces & Flails
  1718 | Sewer    | Reached XP level 5. HP: 19/47 MP: 4/4
  1945 | D:3      | Reached skill level 5 in Fighting
  1945 | D:3      | Reached skill level 5 in Armour
  2546 | D:3      | Reached XP level 6. HP: 56/56 MP: 5/5
  2792 | D:4      | Found a white marble altar of Elyvilon.
  2806 | D:4      | Found a sacrificial altar of Ru.
  2860 | D:4      | Found a staircase to the Ecumenical Temple.
  2870 | D:4      | Reached * piety under Okawaru
  3038 | D:4      | Found a shadowy altar of Dithmenos.
  3041 | D:4      | Reached XP level 7. HP: 61/62 MP: 6/6
  3287 | D:5      | Entered Level 5 of the Dungeon
  3409 | D:5      | Reached skill level 1 in Invocations
  3689 | D:5      | Reached ** piety under Okawaru
  3839 | D:5      | Noticed Blork the orc
  3847 | D:5      | Killed Blork the orc
  4051 | D:5      | Noticed Grinder
  4058 | D:5      | Paralysed by Grinder for 2 turns
  4061 | D:5      | Killed Grinder
  4061 | D:5      | Reached XP level 8. HP: 62/71 MP: 5/8
  4571 | D:6      | Got a crystal war axe
  4572 | D:6      | Identified the +8 war axe of Hargh {chop, Str+3 Stlth+} (You found it on level 6 of the Dungeon)
  4573 | D:6      | Found a shattered altar of Ashenzari.
  4704 | D:6      | Found a shimmering altar of Xom.
  4705 | D:6      | Found a glowing silver altar of Zin.
  4707 | D:6      | Found an opulent altar of Gozag.
  4823 | D:6      | Reached *** piety under Okawaru
  5077 | D:7      | Found a shimmering altar of Xom.
  5114 | D:7      | Reached XP level 9. HP: 60/79 MP: 7/10
  5289 | D:7      | Found a runed door.
  5292 | D:7      | Noticed a sixfirhy
  5352 | D:7      | Found a sand-covered staircase.
  5358 | Ossuary  | Entered an ossuary
  5509 | Ossuary  | Reached skill level 10 in Maces & Flails
  5805 | D:7      | Reached **** piety under Okawaru
  6545 | D:8      | Found Utigedgh's Distillery.
  6764 | D:8      | Found Fiepan's General Store.
  6765 | D:8      | Bought a potion of heal wounds for 65 gold pieces
  6765 | D:8      | Bought a potion of curing for 39 gold pieces
  6819 | D:8      | Learned a level 2 spell: Blink
  6907 | D:8      | Found Hedumoh's Food Shoppe.
  6930 | D:8      | Reached skill level 5 in Invocations
  6985 | D:8      | Found Ciorch's Magic Scroll Shop.
  7070 | D:8      | Found Gucirr's Gadget Shoppe.
  7281 | D:9      | Noticed Grum
  7292 | D:9      | Killed Grum
  7307 | D:9      | Reached ***** piety under Okawaru
  7310 | D:9      | Reached XP level 10. HP: 64/90 MP: 10/12
  7457 | D:9      | Noticed Joseph
  7474 | D:9      | Killed Joseph
  7481 | D:9      | Noticed Prince Ribbit
  7598 | D:9      | Identified a scroll of acquirement
  7599 | D:9      | Got a clouded bone ring
  7600 | D:9      | Identified the ring "Hulaalid" {rN+ MR+} (You acquired it on level 9 of the Dungeon)
  7623 | D:9      | Killed Prince Ribbit
  7676 | D:9      | Found a shadowy altar of Dithmenos.
  7784 | D:9      | Noticed a two-headed ogre
  7791 | D:9      | Found a staircase to the Orcish Mines.
  8010 | D:9      | Found a bloodstained altar of Trog.
  8048 | D:9      | Found a stormy altar of Qazlal.
  8409 | D:10     | Entered Level 10 of the Dungeon
  8503 | D:10     | Reached skill level 1 in Dodging
  8524 | D:10     | Received a gift from Okawaru
  8781 | D:10     | Noticed Urug
  8811 | D:10     | Killed Urug
  8811 | D:10     | Reached skill level 5 in Shields
  9297 | D:11     | Reached skill level 10 in Fighting
  9386 | D:11     | Found a staircase to the Lair.
  9403 | D:11     | Killed a two-headed ogre
  9403 | D:11     | Reached skill level 10 in Armour
  9403 | D:11     | Reached XP level 11. HP: 75/99 MP: 13/15
  9498 | Lair:1   | Entered Level 1 of the Lair of Beasts
  9693 | Lair:1   | Noticed a seven-headed hydra
  9703 | Lair:1   | Killed a seven-headed hydra
 10116 | Lair:1   | Noticed a four-headed hydra
 10127 | Lair:1   | Killed a four-headed hydra
 10127 | Lair:1   | Received a gift from Okawaru
 10134 | Lair:1   | Gained mutation: Potions are less effective at restoring your health. [potion of mutation]
 10134 | Lair:1   | Gained mutation: Your mind is acute. (Int +2) [potion of mutation]
 10554 | Lair:2   | Noticed an eight-headed hydra
 10590 | Lair:2   | Killed an eight-headed hydra
 10590 | Lair:2   | Reached skill level 5 in Dodging
 11033 | Lair:2   | Got a polished chain mail
 11034 | Lair:2   | Identified the +5 chain mail "Isytsoer" {Str+3 Int+4 Slay+3} (You found it on level 2 of the Lair of Beasts)
 11090 | Lair:2   | Found a hole to the Spider Nest.
 11206 | Lair:2   | Got a shimmering scale mail
 11207 | Lair:2   | Identified the +3 scale mail of Zahof {rF+ Str+4 Dex+2} (You found it on level 2 of the Lair of Beasts)
 11251 | Lair:2   | Noticed a five-headed hydra
 11261 | Lair:2   | Killed a five-headed hydra
 11297 | Lair:2   | Noticed a four-headed hydra
 11304 | Lair:2   | Killed a four-headed hydra
 11391 | Lair:2   | Reached XP level 12. HP: 77/110 MP: 17/17
 11958 | Lair:3   | Reached ****** piety under Okawaru
 12124 | Lair:3   | Received a gift from Okawaru
 12408 | Lair:3   | Found a staircase to the Swamp.
 12809 | Lair:3   | Noticed an eight-headed hydra
 12817 | Lair:3   | Killed an eight-headed hydra
 13911 | Lair:4   | Reached skill level 1 in Throwing
 13977 | Lair:4   | Got a bloodstained scale mail
 13978 | Lair:4   | Identified the cursed +0 scale mail of Sif Muna's Wrath {MR++ Stlth+} (You found it on level 4 of the Lair of Beasts)
 14020 | Lair:4   | Noticed Kirke
 14046 | Lair:4   | Noticed a sphinx
 14050 | Lair:4   | Killed Kirke
 14050 | Lair:4   | Received a gift from Okawaru
 14258 | Lair:4   | Noticed Sonja
 14262 | Lair:4   | Paralysed by Sonja for 6 turns
 14270 | Lair:4   | Paralysed by Sonja for 7 turns
 14609 | Lair:5   | Reached XP level 13. HP: 68/119 MP: 10/18
 15964 | Lair:6   | Entered Level 6 of the Lair of Beasts
 15995 | Lair:6   | Received a gift from Okawaru
 16668 | Lair:6   | Reached skill level 10 in Dodging
 17510 | Lair:6   | Reached XP level 14. HP: 132/132 MP: 19/19
 17540 | Lair:6   | Received a gift from Okawaru
 17905 | Lair:6   | Found a staircase to the Slime Pits.
 18417 | D:11     | Found Yzanwof's Antique Armour Shop.
 19191 | D:12     | Noticed Azrael
 19219 | D:12     | Killed Azrael
 20068 | D:8      | Bought a potion of curing for 39 gold pieces
 20068 | D:8      | Bought a potion of curing for 39 gold pieces
 20068 | D:8      | Bought a potion of experience for 650 gold pieces
 20075 | D:8      | Bought a potion of curing for 45 gold pieces
 20075 | D:8      | Bought a scroll of teleportation for 45 gold pieces
 20114 | D:8      | Bought a scroll of teleportation for 48 gold pieces
 20114 | D:8      | Bought a scroll of teleportation for 48 gold pieces
 20144 | Orc:1    | Entered Level 1 of the Orcish Mines
 20299 | Orc:2    | Entered Level 2 of the Orcish Mines
 20425 | Orc:2    | Found an iron altar of Okawaru.
 20514 | Orc:2    | Reached skill level 15 in Armour
 20630 | Orc:2    | Found a staircase to the Elven Halls.
 20637 | Orc:2    | Reached skill level 15 in Fighting
 20886 | Orc:2    | Found Yfined's Book Shoppe.
 20899 | Orc:2    | Received a gift from Okawaru
 21249 | Orc:2    | Found Vuitig's Magic Scroll Shop.
 21255 | Orc:2    | Bought a scroll of teleportation for 48 gold pieces
 21255 | Orc:2    | Bought a scroll of teleportation for 48 gold pieces
 21255 | Orc:2    | Found Vesien's Weapon Shop.
 21257 | Orc:2    | Found Mabo's Antique Weapon Shoppe.
 21796 | D:13     | Received a gift from Okawaru
 22147 | D:13     | You fall through a shaft!
 22166 | D:14     | Received a gift from Okawaru
 22223 | D:14     | Found a gate to the Vaults.
 22263 | D:14     | Found a blossoming altar of Fedhas.
 22333 | D:14     | Noticed Agnes
 22346 | D:14     | Killed Agnes
 22346 | D:14     | Reached XP level 15. HP: 86/143 MP: 10/20
 22886 | D:14     | Reached XP level 16. HP: 151/151 MP: 21/21
 23693 | D:15     | Entered Level 15 of the Dungeon
 23906 | D:15     | Found a staircase to the Depths.
 24170 | D:15     | Received a gift from Okawaru
 24675 | Spider:1 | Entered Level 1 of the Spider Nest
 24675 | Spider:1 | Noticed sankara's ghost (adept MiFi)
 25130 | Spider:1 | Killed sankara's ghost
 25152 | Spider:1 | You fall through a shaft!
 25832 | Spider:2 | Received a gift from Okawaru
 25854 | Spider:2 | Noticed Roxanne
 26163 | Spider:2 | Reached XP level 17. HP: 163/163 MP: 22/22
 26245 | Spider:2 | Noticed Aizul
 26273 | Spider:2 | Killed Aizul
 26646 | Spider:2 | Killed Roxanne
 26647 | Spider:2 | Identified Roxanne's Papyrus of the Mountains (You took it off Roxanne on level 2 of the Spider Nest)
 26869 | Spider:3 | Received a gift from Okawaru
 26870 | Spider:3 | Got a polished mace {god gift}
 26871 | Spider:3 | Identified the +2 mace "Neukh" {drain, rF+ rC+ MR+ Str+3} (Okawaru gifted it to you on level 3 of the Spider Nest)
 26954 | Spider:3 | Reached skill level 15 in Dodging
 27084 | Spider:3 | Found a frozen archway.
 27125 | IceCv    | Entered an ice cave
 27545 | IceCv    | Noticed an Ice Fiend
 27546 | IceCv    | Noticed an Ice Fiend
 27565 | IceCv    | Killed an Ice Fiend
 27581 | IceCv    | Killed an Ice Fiend
 27600 | IceCv    | Got an ancient hand axe
 27754 | Spider:3 | Identified the cursed +1 hand axe of Rypism {protect, rPois rF+} (You found it in an ice cave)
 27810 | Spider:3 | Received a gift from Okawaru
 28228 | Spider:3 | Paralysed by a hornet for 2 turns
 28479 | Spider:4 | Entered Level 4 of the Spider Nest
 28930 | Spider:4 | Received a gift from Okawaru
 29097 | Spider:4 | Noticed Arachne
 29176 | Spider:4 | Killed Arachne
 30602 | Spider:4 | Got a gossamer rune of Zot
 30776 | Swamp:1  | Entered Level 1 of the Swamp
 30794 | Swamp:1  | Received a gift from Okawaru
 30803 | Swamp:1  | Got a dazzling plate armour {god gift}
 30807 | Lair:3   | Identified the +6 plate armour of Repulsion {*Contam rN+ MR+ Regen+ Dex+3} (Okawaru gifted it to you on level 1 of the Swamp)
 31008 | Swamp:1  | Reached XP level 18. HP: 160/176 MP: 23/23
 31485 | Swamp:1  | Found an ancient bone altar of Kikubaaqudgha.
 32251 | Swamp:2  | Got a serpentine jade ring
 32252 | Swamp:2  | Identified the ring of the Death Scarab {rF- Int+10 Stlth-} (You found it on level 2 of the Swamp)
 34260 | Vaults:1 | Entered Level 1 of the Vaults
 34759 | Vaults:1 | Received a gift from Okawaru
 34812 | Vaults:1 | Mangled by a titanic slime creature

Skill      XL: |  1  2  3  4  5  6  7  8  9 10 11 12 13 14 15 16 17 18 |
---------------+-------------------------------------------------------+-----
Maces & Flails | 3 4 5 6 8 9 11 12 | 12.0
Fighting       | 4 5 6 7 8 10 11 12 14 15 16 17 19 20 | 20.1
Armour         | 4 5 6 7 8 10 11 12 14 15 16 17 19 20 | 20.1
Invocations    | 2 3 5 6 8 9 |  9.0
Dodging        | 3 5 8 10 12 13 14 16 17 | 17.3
Shields        | 5 7 9 |  9.0
Throwing       | 2 3 |  3.0

Action                   |  1- 3 |  4- 6 |  7- 9 | 10-12 | 13-15 | 16-18 || total
-------------------------+-------+-------+-------+-------+-------+-------++-------
Melee: Flail             |    78 |       |       |       |       |       ||    78
       Headbutt          |     6 |    33 |   129 |   222 |   415 |   883 ||  1688
       Whip              |       |   182 |   543 |   721 |  1291 |  2267 ||  5004
       War axe           |       |       |     5 |       |       |       ||     5
       Mace              |       |       |       |       |       |   156 ||   156
Throw: Tomahawk          |       |     2 |       |       |       |       ||     2
Invok: Heroism           |       |       |     4 |    14 |    16 |    21 ||    55
       Finesse           |       |       |       |     4 |     5 |    11 ||    20
Evoke: Wand              |       |       |       |    13 |       |       ||    13
  Use: Scroll            |       |     6 |     3 |    11 |     2 |    12 ||    34
       Potion            |       |     1 |       |    12 |     6 |       ||    19
 Stab: Held in net/web   |       |       |       |       |       |     2 ||     2
       Confused          |       |       |       |       |       |     1 ||     1
  Eat: Chunk             |       |     7 |    10 |    17 |    23 |    21 ||    78
       Ration            |       |       |     1 |     2 |     1 |     7 ||    11
Armor: Scale mail        |    33 |    74 |   141 |    10 |       |       ||   258
       Plate armour      |       |       |       |    97 |       |   171 ||   268
       Chain mail        |       |       |       |   115 |   360 |   596 ||  1071
Dodge: Dodged            |    16 |    47 |    81 |   164 |   401 |  1083 ||  1792
Block: Shield            |    46 |    81 |   167 |   274 |   593 |  1118 ||  2279
